 Dungeon Crawl Stone Soup version 0.27-a0-1467-g0648b93 (webtiles) character file.

Game seed: 7434552869603645886

4326 Meow the Destroyer (level 10, 75/75 HPs)
             Began as a Naga Fire Elementalist on July 6, 2021.
             Was an Initiate of Gozag.
             Quit the game on level 8 of the Dungeon.
             The game lasted 00:31:22 (8236 turns).

Meow the Destroyer (Naga Fire Elementalist)         Turns: 8236, Time: 00:31:23

Health: 75/75      AC:  6    Str: 11    XL:     10   Next: 33%
Magic:  15/19      EV: 10    Int: 18    God:    Gozag
Gold:   675        SH:  0    Dex: 12    Spells: 9/21 levels left

rFire    . . .     SeeInvis +   a - staff of conjuration
rCold    . . .     Faith    .   (no shield)
rNeg     . . .     Spirit   .   d - +0 robe
rPois    +         Reflect  .   o - +0 helmet
rElec    .         Harm     .   (no cloak)
rCorr    .         Rampage  .   l - +0 pair of gloves
Will     +....                  (no barding)
Stlth    ++........             (no amulet)
HPRegen  0.22/turn              (no ring)
MPRegen  0.16/turn              (no ring)

@: gold aura, very slow
A: AC +3, large, see invisible, deformed body, poison resistance, slowness 2,
spit poison 1, naga tail 1
a: Spit Poison, Renounce Religion, Potion Petition, Call Merchant, Bribe Branch


You were on level 8 of the Dungeon.
You worshipped Gozag.
Gozag was pleased with you.
You visited 2 branches of the dungeon, and saw 9 of its levels.

You collected 761 gold pieces.
You paid 86 gold pieces to Gozag.

Inventory:

Hand Weapons
 n - a +2 dagger of venom
 r - a +1 dagger of chaos
 u - a +1 hand axe of freezing
 x - a +1 trident of venom
Missiles
 b - 27 sling bullets
 c - 145 arrows
 j - 198 stones (quivered)
 m - 4 throwing nets
 s - 18 bolts
Armour
 d - a +0 robe (worn)
 l - a +0 pair of gloves (worn)
 o - a +0 helmet (worn)
 q - a +0 kite shield
Magical Staves
 a - a staff of conjuration (weapon)
 i - a staff of cold
Wands
 t - a wand of flame (32)
 y - a wand of iceblast (30)
Scrolls
 f - 2 scrolls of silence {unknown}
 g - 4 scrolls of enchant weapon {unknown}
 k - 3 scrolls of teleportation
 p - a scroll of enchant armour {unknown}
 v - a scroll of fog
 w - 2 scrolls of amnesia
Potions
 e - a potion of attraction
 h - a potion of curing
 z - a potion of heal wounds {unknown}


   Skills:
 - Level 1.5 Dodging
 - Level 3.0 Stealth
 - Level 6.0 Spellcasting
 + Level 11.1 Conjurations
 - Level 8.0 Fire Magic


You had 9 spell levels left.
You knew the following spells:

 Your Spells              Type           Power      Damage    Failure   Level
a - Foxfire               Conj/Fire      100%       2x1d9     1%          1
b - Searing Ray           Conj           100%       3d7       1%          2
f - Fireball              Conj/Fire      28%        3d12      7%          5
t - Sticky Flame          Conj/Fire      56%        2d7       2%          4

Your spell library contained the following spells:

 Spells                   Type           Power      Damage    Failure   Level
 Magic Dart               Conj           100%       1d8       1%          1
 Conjure Flame            Conj/Fire      56%        6-21      1%          3
 Inner Flame              Hex/Fire       19%        N/A       7%          3
 Beastly Appendage        Tmut           10%        N/A       12%         1
 Pain                     Necr           20%        1d5       12%         1
 Fulminant Prism          Conj/Hex       19%        3d11      12%         4
 Passwall                 Tmut/Erth      4%         N/A       19%         2
 Sublimation of Blood     Necr           2%         N/A       19%         2
 Wereblood                Tmut           5%         N/A       19%         2
 Spider Form              Tmut/Pois      2%         N/A       34%         3
 Swiftness                Air            5%         N/A       34%         3
 Irradiate                Conj/Tmut      19%        3d19      34%         5
 Petrify                  Tmut/Erth      5%         N/A       75%         4
 Agony                    Necr           5%         N/A       97%         5
 Excruciating Wounds      Necr           2%         N/A       97%         5
 Invisibility             Hex            2%         N/A       100%        6


Dungeon Overview and Level Annotations

Branches:
Dungeon (8/15)             Temple (1/1) D:5
   Lair: D:8-11

Altars:
Ashenzari
Cheibriados
Dithmenos
Elyvilon
Fedhas
Gozag
Hepliaklqana
Kikubaaqudgha
Makhleb
Nemelex Xobeh
Okawaru
Qazlal
Ru
Sif Muna
Trog
Uskayaw
Vehumet
Wu Jian
Xom
Yredelemnul
Zin
The Shining One

Annotations:
D:2 Natasha
D:3 1 runed translucent door, Crazy Yiuf
D:6 2 runed translucent doors, Caerwyn's ghost, novice OpCj


Innate Abilities, Weirdness & Mutations

Your serpentine skin is tough. (AC +3)
You have supernaturally acute eyesight. (SInv)
Armour fits poorly on your strangely shaped body.
Your system is resistant to poisons. (rPois)
You cover ground very slowly.
You can spit poison.
You have a snake-like lower body.


Message History

Press: ? - help, Shift-Dir - straight line, f - orc
Aim: an orc, wielding a +0 flail (83% to hit)
You feel a surge of power!
The searing ray hits the orc!
You kill the orc!
The searing ray hits the orc!
You kill the orc! (Press . to maintain the ray.)
You start resting.
HP restored.
There is a stone staircase leading down here.
You now have 671 gold pieces (gained 14).
Items here: ( )) [.
You now have 675 gold pieces (gained 4).
You see here a +0 dagger.
Key pressed, stopping explore.
Magic restored.
Found a stone staircase leading down.
Okay, then.
Key pressed, stopping explore.
You open the door.
A bullfrog comes into view.
A bullfrog is nearby!
There is an open door here.
Casting: Searing Ray (safe; 1% risk of failure)
Confirm with . or Enter, or press ? or * to list all spells.
Aiming: Searing Ray (safe; 1% risk of failure)
Press: ? - help, Shift-Dir - straight line, f - bullfrog
Aim: a bullfrog (wandering, hasn't noticed you, 79% to hit)
You feel a surge of power!
The searing ray hits the bullfrog!
The bullfrog is heavily wounded.
The bullfrog gives a loud, deep croak! (Press . to maintain the ray.)
The searing ray hits the bullfrog!
You kill the bullfrog!
Casting: Searing Ray (safe; 1% risk of failure)
Confirm with . or Enter, or press ? or * to list all spells.
Okay, then.
Unknown command.
Okay, then.
Are you sure you want to abandon this character and quit the game? (Confirm with "yes".)

## .. .. .#
#.# .# ####
###.#######
.# ..#
#.........#
)######.##
#.........#
.........#
#.........#
##....#..##
#.........#
......#...#
#.@$......#
####.##.#.##
###'######
#....#..#
#.#
#######.#
#.# #.## #.#
# #..# #.# #
##.# #.# #
#.# #.# #
#.## #.#


There were no monsters in sight!

Vanquished Creatures
  Harold (D:7)
  Grinder (D:6)
  2 slime creatures (D:5)
  Sigmund (D:6)
  Eustachio (D:4)
  A water moccasin (D:5)
  Duvessa (D:6)
  An orc warrior (D:8)
  An ice beast (D:8)
  A hornet zombie (D:5)
  5 ogres
  A black bear (D:5)
  2 centaurs
  2 phantoms
  A kobold brigand (D:5)
  A bullfrog (D:8)
  A gnoll sergeant (D:7)
  A scorpion (D:5)
  Dowan (D:6)
  4 wights (D:7)
  3 howler monkeys (D:8)
  A crimson imp (D:4)
  5 jellies
  4 orc priests
  A centaur skeleton (D:7)
  2 hounds
  3 iguanas
  3 orc wizards
  A killer bee zombie (D:5)
  A hound skeleton (D:4)
  A howler monkey zombie (D:5)
  Robin (D:4)
  5 gnolls (D:7)
  7 adders
  A white imp (D:6)
  2 ufetubi (D:6)
  A worm (D:3)
  5 dart slugs
  17 orcs
  5 ball pythons
  8 endoplasms
  3 giant cockroaches
  13 goblins
  6 hobgoblins
  10 jackals
  10 kobolds
  2 quokkas
  5 bats
  5 frilled lizards
  A rat (D:2)
162 creatures vanquished.

Vanquished Creatures (others)
  184 foxfires
  7 fungi (D:5)
  5 toadstools (D:5)
196 creatures vanquished.

Grand Total: 358 creatures vanquished

Notes
Turn   | Place    | Note
-------+----------+-------------------------------------------
     0 | D:1      | Meow the Naga Fire Elementalist began the quest for the
                  | Orb.
     0 | D:1      | Reached XP level 1. HP: 15/15 MP: 3/3
    71 | D:1      | Found a faded altar of an unknown god.
   245 | D:1      | Reached XP level 2. HP: 22/22 MP: 1/5
   931 | D:2      | Reached XP level 3. HP: 28/28 MP: 4/6
  1022 | D:2      | Reached skill level 2 in Conjurations
  1061 | D:2      | Learned a level 2 spell: Searing Ray
  1156 | D:2      | Noticed Natasha
  1355 | D:2      | Found a shimmering blue altar of Sif Muna.
  1357 | D:2      | Reached XP level 4. HP: 36/36 MP: 8/8
  1685 | D:3      | Reached XP level 5. HP: 29/42 MP: 0/9
  1845 | D:3      | Found a glowing silver altar of Zin.
  2109 | D:3      | Found a runed translucent door.
  2316 | D:3      | Noticed Crazy Yiuf
  2422 | D:3      | Found an ancient bone altar of Kikubaaqudgha.
  2424 | D:3      | Found a sacrificial altar of Ru.
  2430 | D:3      | Reached skill level 3 in Conjurations
  2859 | D:4      | Noticed Robin
  2872 | D:4      | Killed Robin
  2875 | D:4      | Reached XP level 6. HP: 42/49 MP: 2/11
  2925 | D:4      | Noticed Eustachio
  2977 | D:5      | Entered Level 5 of the Dungeon
  3713 | D:4      | Found a burning altar of Makhleb.
  3713 | D:4      | Found a shimmering altar of Xom.
  3845 | D:4      | Reached skill level 4 in Conjurations
  3845 | D:4      | Reached skill level 5 in Fire Magic
  4178 | D:4      | Killed Eustachio
  4179 | D:4      | Reached XP level 7. HP: 54/55 MP: 4/13
  4699 | D:5      | Reached skill level 5 in Spellcasting
  4699 | D:5      | Reached skill level 5 in Conjurations
  4699 | D:5      | Reached XP level 8. HP: 62/62 MP: 10/15
  4887 | D:5      | Learned a level 4 spell: Sticky Flame
  4934 | D:5      | Noticed a slime creature
  4991 | D:5      | Killed a slime creature
  5138 | D:5      | Noticed a slime creature
  5150 | D:5      | Killed a slime creature
  5152 | D:5      | Reached skill level 6 in Conjurations
  5481 | D:5      | Identified the +1 ring mail "Deegebob" {rElec Int+3 Stlth-}
  5598 | D:5      | Found a staircase to the Ecumenical Temple.
  5664 | Temple   | Entered the Ecumenical Temple
  5892 | Temple   | Became a worshipper of Gozag Ym Sagoz the Greedy
  5980 | D:5      | Reached XP level 9. HP: 68/68 MP: 13/18
  6101 | D:6      | You fall into a shaft and drop 2 floors!
  6204 | D:8      | Reached skill level 7 in Conjurations
  6493 | D:6      | Noticed Grinder
  6495 | D:6      | Paralysed by Grinder for 4 turns
  6503 | D:6      | Killed Grinder
  6504 | D:6      | Reached skill level 8 in Conjurations
  6572 | D:6      | Found a large runed translucent door.
  6573 | D:6      | Found a large runed translucent door.
  6666 | D:6      | Learned a level 5 spell: Fireball
  6666 | D:6      | Noticed Dowan
  6668 | D:6      | Noticed Duvessa
  6678 | D:6      | Killed Duvessa
  6679 | D:6      | Killed Dowan
  6837 | D:6      | Reached skill level 9 in Conjurations
  6882 | D:6      | Noticed Sigmund
  6927 | D:6      | Killed Sigmund
  7028 | D:6      | Noticed Caerwyn's ghost (novice OpCj)
  7443 | D:7      | Noticed a +0 hand axe
  7443 | D:7      | Noticed a +0 hand axe
  7446 | D:7      | Reached XP level 10. HP: 75/75 MP: 15/19
  7446 | D:7      | Found a hide-covered altar of Uskayaw.
  7472 | D:7      | Reached skill level 10 in Conjurations
  7515 | D:7      | Noticed Harold
  7540 | D:7      | Killed Harold
  8073 | D:8      | Reached skill level 11 in Conjurations
  8236 | D:8      | Quit the game

Illustrated notes

Levels and vault maps discovered:
D:1:      dpeg_arrival_tiny_k, layout_rooms,
          shapermc_ecumenical_altar_totnotflames
D:2:      layout_rooms, serial_curves, eino_curves_02, eino_curves_04,
          basic_altar, serial_shops, nicolae_shop_statue_plus,
          minmay_tetromino_t4, uniq_natasha
D:3:      layout_basic, mainiacjoe_overflow_six_doors_small,
          grunt_temple_overflow_open, uniq_crazy_yiuf_cottage
D:4:      layout_basic, grunt_temple_overflow_champion_of_chaos, uniq_eustachio,
          uniq_robin
D:5:      cheibrodos_fertilizer, layout_basic, temple_green
D:6:      layout_gridville, ebering_ghost_disaster_area, uniq_duvessa,
          uniq_grinder, uniq_sigmund
D:7:      layout_rooms, dancing_weapons_uskayaw, uniq_harold
D:8:      layout_basic
Temple:   eino_temple_scatter_basement

Skill      XL: |  1  2  3  4  5  6  7  8  9 10 |
---------------+-------------------------------+-----
Conjurations   | 2 3 4 5 6 9 11 | 11.1
Spellcasting   | 3 4 5 6 |  6.0
Fire Magic     | 4 5 7 8 |  8.0
Dodging        | |  1.5
Stealth        | |  3.0

Action                   |  1- 3 |  4- 6 |  7- 9 | 10-12 || total
-------------------------+-------+-------+-------+-------++-------
Melee: Staff             |       |       |     3 |       ||     3
Throw: Stone             |       |     1 |     3 |       ||     4
 Cast: Foxfire           |    35 |    50 |    27 |     2 ||   114
       Searing Ray       |       |    17 |    59 |    11 ||    87
       Sticky Flame      |       |       |       |     2 ||     2
 Abil: Spit Poison       |    25 |    22 |       |       ||    47
  Use: Scroll            |       |       |     6 |       ||     6
       Potion            |       |       |       |     3 ||     3
Armor: Robe              |     6 |    17 |    28 |     4 ||    55
Dodge: Dodged            |    25 |    19 |    40 |     5 ||    89

Table legend: (Time is in decaauts)
 A = Elapsed time spent in this place.
 B = Non-inter-level travel time spent in this place.
 C = Inter-level travel time spent in this place.
 D = Time resting spent in this place.
 E = Time spent auto-exploring this place.
 F = Levels seen in this place.
 G = Mean time per level.
                   A        B        C        D        E       F      G
               +--------+--------+--------+--------+--------+-----+--------+
         Total |  10251 |   9739 |    512 |   2458 |   5524 |   9 | 1139.0 |
       Dungeon |   9918 |   9448 |    470 |   2458 |   5236 |   8 | 1239.8 |
        Temple |    333 |    291 |     42 |      0 |    288 |   1 |  333.0 |
               +--------+--------+--------+--------+--------+-----+--------+

Top non-repeatable levels by time:
     D:3: 1990 daAuts
     D:5: 1939 daAuts
     D:4: 1706 daAuts
     D:1: 1248 daAuts
     D:7: 1200 daAuts
     D:6: 1044 daAuts
     D:2: 398 daAuts
     D:8: 390 daAuts
  Temple: 333 daAuts
